 Dungeon Crawl Stone Soup version 0.14-a0-1546-g4b4961f (webtiles) character file.

133 M4edhros the Poker (level 4, 0/31 HPs)
             Began as an Octopode Chaos Knight on Dec 19, 2013.
             Was a Plaything of Xom.
             Succumbed to poison (a potion of poison)
             ... on Level 4 of the Dungeon.
             The game lasted 00:00:58 (813 turns).

M4edhros the Poker (Octopode Chaos Knight)           Turns: 813, Time: 00:00:59

HP   0/31        AC  1     Str 11      XL: 4   Next: 85%
MP   4/4         EV 18     Int 15      God: Xom
Gold 26          SH  0     Dex 16      Spells:  0 memorised,  3 levels left

rFire  . . .     SeeInvis .     a - +0 spear (chaos)
rCold  . . .     Clarity  .     (no shield)
rNeg   . . .     Conserve .     (helmet restricted)
rPois  .         rCorr    .     (no amulet)
rElec  .         rRot     .     (no ring)
SustAb . .       Spirit   .     (no ring)
rMut   .         Warding  .     (no ring)
Saprov . . .     Stasis   .     (no ring)
                                (no ring)
                                (no ring)
                                (no ring)
                                (no ring)

@: agile, mildly poisoned, slightly resistant to hostile enchantments, quite
stealthy
A: almost no armour, amphibious, 8 rings, constrict 8, camouflage 1, gelatinous
body 1
a: Renounce Religion


You were on level 4 of the Dungeon.
You worshipped Xom.
You were a toy of Xom.
You were not hungry.

You visited 1 branch of the dungeon, and saw 3 of its levels.

You collected 26 gold pieces.

Inventory:

Hand weapons
 a - a +0,+0 spear of chaos (weapon)
Comestibles
 c - a bread ration
Scrolls
 d - a scroll of teleportation {unknown}
 f - a scroll of fog {unknown}
 g - a scroll of enchant armour {unknown}
 h - a scroll of recharging {unknown}
 j - a scroll of identify {unknown}
Potions
 b - 2 potions of agility


   Skills:
 - Level 3.0 Fighting
 + Level 5.4 Polearms
 - Level 2.3 Dodging


You had 3 spell levels left.
You didn't know any spells.

Dungeon Overview and Level Annotations

Branches:
Dungeon (4/16)
 Temple: D:4-7

Altars:

Shops:
D:4 /


Innate Abilities, Weirdness & Mutations

You cannot wear most types of armour.
You are amphibious.
You can wear up to eight rings at the same time.
You can use your tentacles to constrict many enemies at once.
Your skin changes colour to match your surroundings (Stlth).
Your rubbery body absorbs attacks (AC +1).


Message History

* * * LOW HITPOINT WARNING * * *
2 jackals come into view.
You hit the orc priest. You burn the orc priest. You grab the orc priest.
You squeeze the orc priest!
You kill the orc priest!
Your Polearms skill increases to level 5!
You have reached level 4!
* * * LOW HITPOINT WARNING * * *
You feel sick. The orc wizard misses you.
The jackal moves out of view.
You hit the orc wizard but do no damage.
You grab the orc wizard. You squeeze the orc wizard.
The orc wizard is heavily wounded.
You constrict the orc wizard.
The orc wizard hits you with an orcish dagger.
* * * LOW HITPOINT WARNING * * *
Unknown command.
You hit the orc wizard. You burn the orc wizard.
You kill the orc wizard!
You die...
Xom titters!

... ..... . .h. .# ... h... ...
..# #.##.#...#.. #.##.#......
#....)....... #.##@# #.##.#..
#.##.#.. # #.##.#.#+#..
###.#########%##.#.#.#..# .
.>............................
.....########.####.#.#..##...####
...............................#.
.....########.####...............


You could see 2 jackals.

Vanquished Creatures
  An orc priest (D:4)
  An orc wizard (D:4)
  A worker ant (D:4)
  A giant eyeball (D:4)
  2 giant geckos (D:1)
  4 bats
  A giant cockroach (D:4)
  6 goblins
  3 hobgoblins
  2 ball pythons
  A giant newt (D:1)
  A hobgoblin skeleton (D:4)
  3 kobolds (D:1)
  2 rats (D:1)
29 creatures vanquished.

Notes
Turn   | Place    | Note
--------------------------------------------------------------
     0 | D:1      | M4edhros, the Octopode Chaos Knight, began the quest for the Orb.
     0 | D:1      | Reached XP level 1. HP: 16/16 MP: 1/1
    81 | D:1      | XOM: harmless Fire miscast
   153 | D:1      | Reached XP level 2. HP: 21/21 MP: 2/2
   253 | D:1      | XOM: harmless Divn miscast
   604 | D:2      | Reached skill level 4 in Polearms
   616 | D:2      | You fall through a shaft for 2 floors!
   616 | D:4      | Found Suanaum's Magical Wand Emporium.
   643 | D:4      | Paralysed by a giant eyeball for 2 turns
   646 | D:4      | Reached XP level 3. HP: 26/26 MP: 3/3
   811 | D:4      | Reached skill level 5 in Polearms
   811 | D:4      | Reached XP level 4. HP: 5/31 MP: 4/4
   812 | D:4      | HP: 1/31 [orc wizard/orcish dagger (3)]
   813 | D:4      | Succumbed to poison (a potion of poison)

Action                   |  1- 3 |  4- 6 || total
-------------------------+-------+-------++-------
Melee: Spear             |    78 |     2 ||    80
  Use: Potion            |     3 |       ||     3
 Stab: Sleeping          |     9 |       ||     9
       Petrified         |     2 |       ||     2
       Paralysed         |     2 |       ||     2
